 Dungeon Crawl Stone Soup version 0.22-a0-362-g535178c (webtiles) character file.

14 Amnesiac the Grave Robber (level 2, 0/20 HPs)
             Began as a Mummy Necromancer on Apr 20, 2018.
             Slain by a jackal (3 damage)
             ... on level 1 of the Dungeon.
             The game lasted 00:00:57 (348 turns).

Amnesiac the Grave Robber (Mummy Necromancer)        Turns: 348, Time: 00:00:58

Health: 0/20       AC:  2    Str: 11    XL:     2   Next: 27%
Magic:  0/5        EV: 12    Int: 17    God:
Gold:   13         SH:  0    Dex: 12    Spells: 5/6 levels left

rFire    x . .     SeeInvis .   (no weapon)
rCold    + . .     Gourm    .   (no shield)
rNeg     + + +     Faith    .   a - +0 robe
rPois    ∞         Spirit   +   (no helmet)
rElec    .         Reflect  .   (no cloak)
rCorr    .         Harm     .   (no gloves)
MR       .....                  (no boots)
Stlth    ++........             f - amulet of guardian spirit
HPRegen  0.06/turn              b - +3 ring of intelligence
MPRegen  0.09/turn              (no ring)

@: no status effects
A: no food or potions, fire vulnerability, cold resistance 1, negative energy
resistance 3, torment resistance, unbreathing
a: no special abilities


You were on level 1 of the Dungeon.
You were not hungry.

You visited 1 branch of the dungeon, and saw 2 of its levels.

You collected 13 gold pieces.

Inventory:

Missiles
 e - 32 stones (quivered)
Armour
 a - a +0 robe (worn)
Jewellery
 b - a +3 ring of intelligence (left hand)
 f - an amulet of guardian spirit (around neck)
Scrolls
 c - a scroll of noise {!r, unknown}
 d - a scroll of fog {!r, unknown}


   Skills:
 + Level 0.6 Fighting
 * Level 2.0 Dodging
 - Level 1.5 Stealth
 + Level 2.9 Spellcasting
 + Level 4.1 Necromancy


You had 5 spell levels left.
You knew the following spells:

 Your Spells              Type           Power        Failure   Level  Hunger
a - Pain                  Necr           ###.         3%          1    N/A

Dungeon Overview and Level Annotations

Branches:
Dungeon (2/15)

Altars:


Innate Abilities, Weirdness & Mutations

You do not eat or drink.
Your flesh is vulnerable to fire.
You are immune to poison.
Your flesh is cold resistant. (rC+)
You are immune to negative energy. (rN+++)
You are immune to unholy pain and torment.
You can survive without breathing.


Message History

Confirm with . or Enter, or press ? or * to list all spells.
You don't have enough magic to cast that spell.
Unknown command.
Casting: Pain (safe; 3% risk of failure)
Confirm with . or Enter, or press ? or * to list all spells.
You don't have enough magic to cast that spell.
You hit the jackal.
The jackal is moderately wounded.
The jackal bites you but does no damage.
Unknown command.
You closely miss the jackal.
The jackal is moderately wounded.
The jackal barely misses you.
You hit the jackal but do no damage.
The jackal is moderately wounded.
The jackal bites you.
* * * LOW HITPOINT WARNING * * *
The jackal barely misses you.
You miss the jackal.
The jackal is moderately wounded.
The jackal bites you but does no damage.
You miss the jackal. The jackal barely misses you. x2
Put on which piece of jewellery? (? for menu, Esc to quit)
You feel your power drawn to a protective spirit.
f - an amulet of guardian spirit (around neck)
You hit the jackal but do no damage.
The jackal bites you but does no damage.
The jackal closely misses you.
Casting: Pain (safe; 3% risk of failure)
Confirm with . or Enter, or press ? or * to list all spells.
Aiming: Pain (safe; 3% risk of failure)
Press: ? - help, Shift-Dir - straight line, f - jackal
Aim: a jackal (chance to defeat MR: 87%)
The jackal barely resists.
The jackal barely misses you.
Unknown command.
You closely miss the jackal.
The jackal bites you but does no damage.
You hit the jackal but do no damage. The jackal barely misses you.
The jackal closely misses you.
You hit the jackal.
The jackal is heavily wounded.
The jackal barely misses you.
You hit the jackal but do no damage.
The jackal is heavily wounded.
The jackal bites you but does no damage.
The jackal misses you.
You hit the jackal but do no damage.
The jackal is moderately wounded.
The jackal barely misses you.
You closely miss the jackal.
The jackal is moderately wounded.
The jackal barely misses you.
You hit the jackal but do no damage.
The jackal is moderately wounded.
The jackal bites you.
* * * LOW HITPOINT WARNING * * *
The jackal closely misses you.
You hit the jackal but do no damage.
The jackal is moderately wounded.
The jackal barely misses you.
You hit the jackal but do no damage.
The jackal is moderately wounded.
The jackal bites you.
You die...

#...........##...
##.....†.....####.
#.........(#.# #.
#.############ ###
#.##≈≈#≈...≈≈##≈##
#†##≈≈#.....≈≈≈# #
#S#≈≈≈.......≈≈###
#h#≈≈.........≈##.
#@≈≈....≈≈≈...)#†.
#.≈....≈...≈....≈.
#......≈.<.≈......
##≈....≈...≈....≈.
≈≈....≈≈≈....≈≈#
##≈.........≈≈##
#≈≈≈.......≈≈##
#≈≈≈#...#.≈≈≈≈#
#≈≈##≈.##≈#≈≈##


You could see a jackal and a ball python.

Vanquished Creatures
  2 giant cockroaches (D:1)
  2 goblins (D:1)
  A hobgoblin (D:1)
  A jackal (D:1)
  A ball python (D:2)
  A frilled lizard (D:1)
  3 kobolds (D:1)
  3 rats
14 creatures vanquished.

Notes
Turn   | Place    | Note
-------+----------+-------------------------------------------
     0 | D:1      | Amnesiac the Mummy Necromancer began the quest for the Orb.
     0 | D:1      | Reached XP level 1. HP: 13/13 MP: 4/4
   181 | D:1      | Reached XP level 2. HP: 20/20 MP: 3/5
   348 | D:1      | Slain by a jackal

Vault maps used:
D:1:      enne_arrival_octagon_isle
D:2:      cheibriados_altar_1

Skill      XL: |  1  2 |
---------------+-------+-----
Dodging        | 2 |  2.0
Fighting       | |  0.6
Stealth        | |  1.5
Spellcasting   | |  2.9
Necromancy     | |  4.1

Action                   || total
-------------------------++-------
Melee: Unarmed           ||    16
 Cast: Pain              ||    25
Armor: Robe              ||     9
Dodge: Dodged            ||    33

Table legend:
 A = Spawn XP
 B = Non-spawn XP
 C = Spawn XP percentage of total XP
 D = Spawn monster count
 E = Non-spawn monster count
 F = Spawn count percentage of total count
 G = Total turns spent on level
                    A         B        C        D         E        F      G
               +---------+---------+-------+---------+---------+-------+---------
         Total |       0 |      20 |   0.0 |       0 |      14 |   0.0 |   348
               +---------+---------+-------+---------+---------+-------+---------
           D:1 |       0 |      18 |   0.0 |       0 |      12 |   0.0 |   275
           D:2 |       0 |       2 |   0.0 |       0 |       2 |   0.0 |    73
               +---------+---------+-------+---------+---------+-------+---------
